 Dungeon Crawl Stone Soup version 0.29-a0-297-g7659ce593d (webtiles) character file.

Game seed: 6775802167095816027

218 epen the Charlatan (level 5, -2/41 HPs)
             Began as a Gnoll Artificer on Mar 21, 2022.
             Slain by a gnoll
             ... wielding a +0 flail
              (11 damage)
             ... on level 4 of the Dungeon.
             The game lasted 00:04:23 (3395 turns).

epen the Charlatan (Gnoll Artificer)                Turns: 3395, Time: 00:04:24

Health: -2/41      AC:  4    Str: 12    XL:     5   Next: 95%
Magic:  7/7        EV: 12    Int: 10    God:
Gold:   171        SH:  0    Dex: 14    Spells: 7/7 levels left

rFire   . . .      SeeInvis .   n - +2 dagger (venom)
rCold   . . .      Faith    .   (no shield)
rNeg    . . .      Spirit   .   b - +0 leather armour
rPois   .          Reflect  .   o - +0 helmet
rElec   .          Harm     .   (no cloak)
rCorr   .          Rampage  .   (no gloves)
Will    .....                   (no boots)
Stlth   +.........              (no amulet)
HPRegen 0.13/turn               (no ring)
MPRegen 0.10/turn               (no ring)

@: lit by a corona, glowing
A: fangs 1, strong nose, distributed training
a: no special abilities


You were on level 4 of the Dungeon.
You visited 1 branch of the dungeon, and saw 6 of its levels.

You collected 171 gold pieces.

Inventory:

Hand Weapons
 a - a +0 club
 l - a +0 spear
 n - a +2 dagger of venom (weapon)
Missiles
 r - 2 boomerangs (quivered)
Armour
 b - a +0 leather armour (worn)
 o - a +0 helmet (worn)
Wands
 c - a wand of flame (15)
 d - a wand of charming (15)
 e - a wand of iceblast (9)
Scrolls
 f - 4 scrolls of identify {unknown}
 g - a scroll of vulnerability {unknown}
 m - a scroll of amnesia {unknown}
 p - a scroll of immolation {unknown}
 q - a scroll of summoning {unknown}
Potions
 h - 2 potions of heal wounds
 i - a potion of invisibility {unknown}
 k - a potion of magic {unknown}
 s - a potion of brilliance {unknown}


   Skills:
 + Level 3.1 Fighting
 + Level 1.7 Short Blades
 + Level 1.7 Long Blades
 + Level 1.7 Axes
 + Level 1.7 Maces & Flails
 + Level 1.7 Polearms
 + Level 1.7 Staves
 + Level 1.7 Slings
 + Level 1.7 Bows
 + Level 1.7 Crossbows
 + Level 1.7 Throwing
 + Level 4.9 Armour
 + Level 3.1 Dodging
 + Level 2.9 Stealth
 + Level 1.7 Shields
 + Level 1.7 Unarmed Combat
 + Level 1.7 Spellcasting
 + Level 1.3 Conjurations
 + Level 1.3 Hexes
 + Level 1.3 Summonings
 + Level 1.3 Necromancy
 + Level 1.3 Translocations
 + Level 1.3 Transmutations
 + Level 1.3 Fire Magic
 + Level 1.3 Ice Magic
 + Level 1.3 Air Magic
 + Level 1.3 Earth Magic
 + Level 1.3 Poison Magic
 + Level 1.9 Invocations
 + Level 6.7 Evocations


You had 7 spell levels left.
You didn't know any spells.
Your spell library contained the following spells:

 Spells                   Type           Power      Damage    Failure   Level
 Sublimation of Blood     Necr           3%         N/A       34%         2
 Dazzling Flash           Conj/Hex       6%         N/A       56%         3
 Tukima's Dance           Hex            3%         N/A       56%         3
 Iskenderun's Mystic Bla  Conj/Tloc      3%         2d3       93%         4
 Passage of Golubria      Tloc           3%         N/A       93%         4
 Petrify                  Tmut/Erth      3%         N/A       93%         4
 Irradiate                Conj/Tmut      1%         3d13      100%        5
 Yara's Violent Unravell  Hex/Tmut       1%         3d3       100%        5
 Starburst                Conj/Fire      1%         6d3       100%        6


Dungeon Overview and Level Annotations

Branches:
Dungeon (6/15)
 Temple: D:4-7

Altars:

Annotations:
D:5 Prince Ribbit


Innate Abilities, Weirdness & Mutations

You have very sharp teeth.
Your uncanny sense of smell can sniff out nearby items.
Your experience applies equally to all skills.


Message History

You throw a javelin.
The javelin pierces through the gnoll shaman.
The gnoll shaman is moderately wounded.
The javelin closely misses the gnoll.
The gnoll hits you from afar with a +0 spear.
The gnoll shaman hits you with a +0 club!
* * * LOW HITPOINT WARNING * * *
It was a potion of heal wounds.
You feel much better.
The gnoll hits you from afar with a +0 spear!
The gnoll shaman barely misses you.
Throw: 2 boomerangs
Press: ? - help, Q - select action, (/) - cycle Shift-Dir - straight line, f/p - gnoll
Aim: a gnoll, wielding a +0 spear (severely wounded, 63% to hit)
You throw a boomerang.
The boomerang closely misses the gnoll shaman.
The boomerang hits the gnoll.
You kill the gnoll!
The gnoll shaman hits you with a +0 club.
The gnoll barely misses you.
Throw: 2 boomerangs
Press: ? - help, Q - select action, (/) - cycle Shift-Dir - straight line, f - gnoll
Aim: a gnoll, wielding a +0 whip (63% to hit)
You throw a boomerang. The boomerang barely misses the gnoll.
The gnoll shaman calls upon its god to heal the gnoll.
The gnoll is healed somewhat.
The gnoll hits you with a +0 whip.
Throw: 2 boomerangs
Press: ? - help, Q - select action, (/) - cycle Shift-Dir - straight line, f - gnoll shaman, p - gnoll
Aim: a gnoll shaman, wielding a +0 club and wearing a +0 robe (moderately wounded, 63% to hit)
You throw a boomerang.
The boomerang hits the gnoll shaman but does no damage.
The gnoll shaman is moderately wounded.
The gnoll shaman calls upon its god to heal something.
The gnoll hits you with a +0 whip.
The gnoll shaman hits you with a +0 club.
You hit the gnoll shaman.
The gnoll shaman is moderately wounded.
The gnoll shaman hits you with a +0 club!
* * * LOW HITPOINT WARNING * * *
The gnoll hits you but does no damage. The gnoll hits you with a +0 flail!
You die...

#.....##..###.....#
#......#...##.....#
#.......#...#.....#
#........#........#
#.........#.......## ...
#|.........#......(#....
#..........#......(((...
#..........g#gg.......g.
##.........g@#..........
#...........##.........
##..........##.........
##........####........
##.......#####.......
####.....#............
.....................
###................
##.>....>..#..


You could see a gnoll shaman and 3 gnolls.

Vanquished Creatures
  A scorpion (D:4)
  A hound (D:5)
  Terence (D:3)
  An iguana (D:3)
  A gnoll (D:4)
  2 adders
  An ufetubus (D:6)
  2 worms
  A dart slug (D:1)
  3 orcs (D:3)
  A bat (D:2)
  7 endoplasms
  A giant cockroach (D:1)
  2 goblins
  3 hobgoblins (D:1)
  3 kobolds
  2 quokkas
  5 ball pythons
  A frilled lizard (D:3)
39 creatures vanquished.

Notes
Turn   | Place    | Note
-------+----------+-------------------------------------------
     0 | D:1      | epen the Gnoll Artificer began the quest for the Orb.
     0 | D:1      | Reached XP level 1. HP: 17/17 MP: 1/1
   718 | D:1      | Reached XP level 2. HP: 23/23 MP: 2/2
   828 | D:1      | Found a faded altar of an unknown god.
  1718 | D:2      | Reached XP level 3. HP: 28/28 MP: 3/3
  2356 | D:3      | Reached skill level 1 in Invocations
  2387 | D:3      | Reached skill level 1 in Short Blades
  2387 | D:3      | Reached skill level 1 in Long Blades
  2387 | D:3      | Reached skill level 1 in Axes
  2387 | D:3      | Reached skill level 1 in Maces & Flails
  2387 | D:3      | Reached skill level 1 in Polearms
  2387 | D:3      | Reached skill level 1 in Staves
  2387 | D:3      | Reached skill level 1 in Slings
  2387 | D:3      | Reached skill level 1 in Bows
  2387 | D:3      | Reached skill level 1 in Crossbows
  2387 | D:3      | Reached skill level 1 in Throwing
  2387 | D:3      | Reached skill level 1 in Shields
  2387 | D:3      | Reached skill level 1 in Unarmed Combat
  2387 | D:3      | Reached skill level 1 in Spellcasting
  2387 | D:3      | Reached XP level 4. HP: 24/34 MP: 5/5
  2710 | D:3      | Noticed Terence
  2717 | D:3      | Killed Terence
  2718 | D:3      | Reached skill level 1 in Conjurations
  2718 | D:3      | Reached skill level 1 in Hexes
  2718 | D:3      | Reached skill level 1 in Summonings
  2718 | D:3      | Reached skill level 1 in Necromancy
  2718 | D:3      | Reached skill level 1 in Translocations
  2718 | D:3      | Reached skill level 1 in Transmutations
  2718 | D:3      | Reached skill level 1 in Fire Magic
  2718 | D:3      | Reached skill level 1 in Ice Magic
  2718 | D:3      | Reached skill level 1 in Air Magic
  2718 | D:3      | Reached skill level 1 in Earth Magic
  2718 | D:3      | Reached skill level 1 in Poison Magic
  2727 | D:3      | You fall into a shaft and drop 3 floors!
  2744 | D:5      | Entered Level 5 of the Dungeon
  2817 | D:5      | Reached XP level 5. HP: 21/40 MP: 5/7
  3021 | D:5      | Noticed Prince Ribbit
  3395 | D:4      | Slain by a gnoll

Illustrated notes

Levels and vault maps discovered:
D:1:      lemuel_arrival_hallway, layout_basic, chequers_ecumenical_altar_lobes
D:2:      layout_basic, amcnicky_mini_pool_small
D:3:      layout_basic, uniq_terence
D:4:      layout_cave_pods, nicolae_specific_store
D:5:      layout_layer_cave, mainiacjoe_overflow_small_starburst, uniq_pikel,
          uniq_prince_ribbit1
D:6:      layout_loops_ring, temple_doors_e, serial_shops, shop,
          uniq_crazy_yiuf_cottage, uniq_eustachio

Skill      XL: |  1  2  3  4  5 |
---------------+----------------+-----
Invocations    | 1 |  1.9
Short Blades   | 1 |  1.7
Long Blades    | 1 |  1.7
Axes           | 1 |  1.7
Maces & Flails | 1 |  1.7
Polearms       | 1 |  1.7
Staves         | 1 |  1.7
Slings         | 1 |  1.7
Bows           | 1 |  1.7
Crossbows      | 1 |  1.7
Throwing       | 1 |  1.7
Shields        | 1 |  1.7
Unarmed Combat | 1 |  1.7
Spellcasting   | 1 |  1.7
Conjurations   | 1 |  1.3
Hexes          | 1 |  1.3
Summonings     | 1 |  1.3
Necromancy     | 1 |  1.3
Translocations | 1 |  1.3
Transmutations | 1 |  1.3
Fire Magic     | 1 |  1.3
Ice Magic      | 1 |  1.3
Air Magic      | 1 |  1.3
Earth Magic    | 1 |  1.3
Poison Magic   | 1 |  1.3
Fighting       | 3 |  3.1
Dodging        | 3 |  3.1
Armour         | |  4.9
Stealth        | |  2.9
Evocations     | |  6.7

Action                   |  1- 3 |  4- 6 || total
-------------------------+-------+-------++-------
Melee: Club              |    25 |       ||    25
       Bite              |    10 |     5 ||    15
       Spear             |    16 |       ||    16
       Dagger            |    38 |    58 ||    96
       Punch             |     1 |     1 ||     2
Throw: Javelin           |       |     8 ||     8
       Boomerang         |       |     3 ||     3
  Use: Potion            |       |     1 ||     1
 Stab: Sleeping          |     4 |     4 ||     8
Armor: Leather armour    |    14 |     9 ||    23
Dodge: Dodged            |    49 |    42 ||    91

Table legend: (Time is in decaauts)
 A = Elapsed time spent in this place.
 B = Non-inter-level travel time spent in this place.
 C = Inter-level travel time spent in this place.
 D = Time resting spent in this place.
 E = Time spent auto-exploring this place.
 F = Levels seen in this place.
 G = Mean time per level.
                   A        B        C        D        E       F      G
               +--------+--------+--------+--------+--------+-----+--------+
         Total |   3401 |   3388 |     13 |    629 |   2217 |   6 |  566.8 |
       Dungeon |   3401 |   3388 |     13 |    629 |   2217 |   6 |  566.8 |
               +--------+--------+--------+--------+--------+-----+--------+

Top non-repeatable levels by time:
     D:1: 1436 daAuts
     D:2: 869 daAuts
     D:5: 467 daAuts
     D:3: 425 daAuts
     D:4: 184 daAuts
     D:6: 16 daAuts
